 Dungeon Crawl Stone Soup version 0.27.1-1-g398f81649c (webtiles) character file.

Game seed: 4499632009537670722

2212 MisterFreud the Shield-Bearer (level 9, -9/67 (74) HPs)
             Began as a Gnoll Fighter on Sept 14, 2021.
             Was a Priest of Nemelex Xobeh.
             Mangled by a wight (11 damage)
             ... on level 7 of the Dungeon.
             The game lasted 00:09:23 (6304 turns).

MisterFreud the Shield-Bearer (Gnoll Fighter)       Turns: 6304, Time: 00:09:24

HP:   -9/67 (74)    AC:  9    Str: 16    XL:     9   Next: 35%
MP:   15/15         EV:  9    Int: 11    God:    Nemelex Xobeh [***...]
Gold: 236           SH: 15    Dex: 11    Spells: 16/16 levels left

rFire    + . .     SeeInvis .   b - +1 dagger (holy)
rCold    + . .     Faith    .   c - +0 kite shield
rNeg     . . .     Spirit   .   g - +0 scale mail
rPois    .         Reflect  +   (no helmet)
rElec    .         Harm     .   (no cloak)
rCorr    .         Rampage  .   E - +0 pair of gloves
Will     .....                  (no boots)
Stlth    +.........             i - amulet of reflection
HPRegen  0.21/turn              k - ring of protection from cold
MPRegen  0.14/turn              p - ring of protection from fire

@: drained
A: fangs 1, strong nose, distributed training
a: Renounce Religion, Draw Escape, Draw Destruction, Draw Summoning, Triple Draw


You were on level 7 of the Dungeon.
You worshipped Nemelex Xobeh.
Nemelex Xobeh was most pleased with you.
You visited 1 branch of the dungeon, and saw 7 of its levels.

You collected 236 gold pieces.

Inventory:

Hand Weapons
 a - a +2 dagger of venom
 b - a +1 dagger of holy wrath (weapon)
 e - a +0 rapier
 H - a +3 morningstar
Missiles
 n - 7 atropa-tipped darts (quivered)
 t - 5 curare-tipped darts
 x - 8 poisoned darts
Armour
 c - a +0 kite shield (worn)
 g - a +0 scale mail (worn)
 E - a +0 pair of gloves (worn)
Jewellery
 i - an amulet of reflection (around neck)
 k - a ring of protection from cold (left hand)
 l - a ring of protection from cold
 p - a ring of protection from fire (right hand)
 y - a +6 ring of intelligence
Wands
 v - a wand of paralysis (8)
 C - a wand of flame (8)
 J - a wand of mindburst (21)
Scrolls
 f - a scroll of magic mapping {unknown}
 h - 3 scrolls of identify {unknown}
 m - a scroll of enchant weapon {unknown}
 r - 2 scrolls of amnesia {unknown}
 s - 2 scrolls of teleportation {unknown}
 B - a scroll of immolation {unknown}
 D - a scroll of fog {unknown}
 F - 2 scrolls of vulnerability {unknown}
 G - a scroll of enchant armour {unknown}
Potions
 d - a potion of might
 j - 3 potions of flight {unknown}
 o - 2 potions of heal wounds {unknown}
 q - a potion of ambrosia {unknown}
 u - 2 potions of invisibility {unknown}
 w - a potion of brilliance {unknown}
 z - 3 potions of lignification {unknown}
 A - a potion of magic {unknown}
 I - a potion of mutation {unknown}
 K - 2 potions of curing {unknown}


   Skills:
 + Level 7.8 Fighting
 + Level 6.2 Short Blades
 + Level 4.1 Long Blades
 + Level 4.1 Axes
 + Level 4.1 Maces & Flails
 + Level 4.1 Polearms
 + Level 4.1 Staves
 + Level 4.1 Slings
 + Level 4.1 Bows
 + Level 4.1 Crossbows
 + Level 4.1 Throwing
 + Level 7.8 Armour
 + Level 4.1 Dodging
 + Level 4.1 Stealth
 + Level 7.8 Shields
 + Level 4.1 Unarmed Combat
 + Level 4.1 Spellcasting
 + Level 3.4 Conjurations
 + Level 3.4 Hexes
 + Level 3.4 Summonings
 + Level 3.4 Necromancy
 + Level 3.4 Translocations
 + Level 3.4 Transmutations
 + Level 3.4 Fire Magic
 + Level 3.4 Ice Magic
 + Level 3.4 Air Magic
 + Level 3.4 Earth Magic
 + Level 3.4 Poison Magic
 + Level 4.5 Invocations
 + Level 4.1 Evocations


You had 16 spell levels left.
You didn't know any spells.
Your spell library contained the following spells:

 Spells                   Type           Power      Damage    Failure   Level
 Frozen Ramparts          Ice            18%        1d3       80%         3
 Ice Form                 Ice/Tmut       9%         N/A       99%         4
 Summon Ice Beast         Ice/Summ       9%         N/A       99%         4


Dungeon Overview and Level Annotations

Branches:
Dungeon (7/15)             Temple (0/1) D:7

Altars:
Elyvilon
Nemelex Xobeh
Sif Muna
Uskayaw
Xom


Innate Abilities, Weirdness & Mutations

You have very sharp teeth.
Your uncanny sense of smell can sniff out nearby items.
Your experience applies equally to all skills.


Message History

Unknown command.
Unknown command.
Unknown command.
Unknown command.
Unknown command.
Unknown command.
Unknown command.
Okay, then.
Unknown command.
You draw a card...
You have drawn Velocity.
The wight seems to slow down. x2
You block the wight's attack. x2
You draw a card...
You have drawn the Elixir.
You begin rapidly regenerating health and magic.
You block the wight's attack. The wight barely misses you.
You draw a card...
You have drawn Velocity.
The wight seems to slow down. x3
The wight hits you with a +2 flail.
* * * LOW HITPOINT WARNING * * *
You draw a card...
You have drawn the Tomb.
Nothing appears to happen.
The wight barely misses you. The wight hits you with a +3 halberd!
* * * LOW HITPOINT WARNING * * *
You feel drained.
* * * LOW HITPOINT WARNING * * *
You block the wight's attack.
You draw a card...
You have drawn Exile.
The wight is devoured by a tear in reality.
The deck of cards glows with a rainbow of weird colours and disappears.
The wight hits you but does no damage. The wight closely misses you.
Unknown command.
Unknown command.
Unknown command.
You hit the wight but do no damage. You bite the wight, but do no damage.
You block the wight's attack.
You hit the wight but do no damage. The wight completely misses you.
The wight hits you with a +2 flail.
* * * LOW HITPOINT WARNING * * *
You feel drained.
You hit the wight but do no damage. Your bite misses the wight.
The wight hits you with a +4 long sword of freezing!
You die...
Your body disappears without a glow.

# ##. ##
#.####...##.## .
......... .. >.
..##...##. ...
y.......# ..
#.....#z#
##.##.##.##@#
.##.........#z#
....[..z...†z.#
.##..⌠...⌠z.###
#.........###
.......>......###
.##.........#....#
#..⌠...⌠..#.##.#
.............# #


You could see 3 wights.

Vanquished Creatures
  Grinder (D:4)
  Sigmund (D:6)
  Duvessa (D:6)
  An ice beast (D:5)
  3 black bears
  A necrophage (D:5)
  2 ogres (D:6)
  A centaur (D:3)
  2 bullfrogs
  3 scorpions
  Dowan (D:6)
  5 wights
  A howler monkey (D:6)
  A hound (D:6)
  A gnoll shaman (D:3)
  Ijyb (D:4)
  3 iguanas
  2 orc wizards (D:3)
  A hound skeleton (D:4)
  3 gnolls (D:3)
  6 adders
  12 orcs
  9 endoplasms
  3 giant cockroaches
  7 goblins
  9 hobgoblins
  8 jackals
  9 kobolds
  2 quokkas
  5 ball pythons
  4 bats
  2 frilled lizards
  6 rats (D:1)
117 creatures vanquished.

Notes
Turn   | Place    | Note
-------+----------+-------------------------------------------
     0 | D:1      | MisterFreud the Gnoll Fighter began the quest for the Orb.
     0 | D:1      | Reached XP level 1. HP: 23/23 MP: 1/1
   164 | D:1      | HP: 1/23 [poisoned by a goblin]
   223 | D:1      | Reached XP level 2. HP: 5/29 MP: 2/2
   770 | D:1      | Reached XP level 3. HP: 35/35 MP: 3/3
  1333 | D:2      | Reached skill level 1 in Invocations
  1436 | D:2      | Reached skill level 1 in Long Blades
  1436 | D:2      | Reached skill level 1 in Axes
  1436 | D:2      | Reached skill level 1 in Maces & Flails
  1436 | D:2      | Reached skill level 1 in Polearms
  1436 | D:2      | Reached skill level 1 in Staves
  1436 | D:2      | Reached skill level 1 in Slings
  1436 | D:2      | Reached skill level 1 in Bows
  1436 | D:2      | Reached skill level 1 in Crossbows
  1436 | D:2      | Reached skill level 1 in Throwing
  1436 | D:2      | Reached skill level 1 in Dodging
  1436 | D:2      | Reached skill level 1 in Stealth
  1436 | D:2      | Reached skill level 1 in Unarmed Combat
  1436 | D:2      | Reached skill level 1 in Spellcasting
  1436 | D:2      | Reached skill level 1 in Evocations
  1514 | D:2      | Reached XP level 4. HP: 41/41 MP: 5/5
  1747 | D:2      | Found a faded altar of an unknown god.
  1873 | D:2      | Became a worshipper of Nemelex Xobeh the Trickster
  1873 | D:2      | Reached * piety under Nemelex Xobeh
  1891 | D:3      | Received a gift from Nemelex Xobeh
  1901 | D:3      | You fall into a shaft and drop 2 floors!
  1901 | D:5      | Entered Level 5 of the Dungeon
  1947 | D:4      | You fall into a shaft and drop 1 floor!
  1947 | D:5      | Noticed a scorpion
  1957 | D:5      | Killed a scorpion
  1958 | D:5      | Reached skill level 1 in Conjurations
  1958 | D:5      | Reached skill level 1 in Hexes
  1958 | D:5      | Reached skill level 1 in Summonings
  1958 | D:5      | Reached skill level 1 in Necromancy
  1958 | D:5      | Reached skill level 1 in Translocations
  1958 | D:5      | Reached skill level 1 in Transmutations
  1958 | D:5      | Reached skill level 1 in Fire Magic
  1958 | D:5      | Reached skill level 1 in Ice Magic
  1958 | D:5      | Reached skill level 1 in Air Magic
  1958 | D:5      | Reached skill level 1 in Earth Magic
  1958 | D:5      | Reached skill level 1 in Poison Magic
  1958 | D:5      | Reached XP level 5. HP: 47/47 MP: 5/7
  1964 | D:5      | Noticed a necrophage
  1980 | D:5      | Killed a necrophage
  1981 | D:5      | Reached XP level 6. HP: 45/53 MP: 8/8
  2001 | D:5      | Noticed an ice beast
  2026 | D:5      | Killed an ice beast
  2027 | D:5      | Reached skill level 5 in Short Blades
  2167 | D:4      | Noticed Grinder
  2175 | D:4      | Paralysed by Grinder for 4 turns
  2204 | D:4      | Killed Grinder
  2205 | D:4      | Reached XP level 7. HP: 60/60 MP: 10/10
  2563 | D:3      | Reached ** piety under Nemelex Xobeh
  3007 | D:4      | Noticed Ijyb
  3017 | D:4      | Killed Ijyb
  3708 | D:5      | Reached XP level 8. HP: 58/67 MP: 12/12
  3881 | D:5      | Received a gift from Nemelex Xobeh
  4436 | D:5      | Reached *** piety under Nemelex Xobeh
  5238 | D:6      | Found a white marble altar of Elyvilon.
  5238 | D:6      | Found a shimmering altar of Xom.
  5246 | D:6      | Found a shimmering blue altar of Sif Muna.
  5248 | D:6      | Found a hide-covered altar of Uskayaw.
  5250 | D:6      | Found a faded altar of an unknown god.
  5508 | D:6      | Reached XP level 9. HP: 68/73 MP: 14/14
  5578 | D:6      | Noticed Dowan
  5578 | D:6      | Noticed Duvessa
  5599 | D:6      | Killed Duvessa
  5615 | D:6      | Killed Dowan
  5968 | D:6      | Noticed Sigmund
  5986 | D:6      | Killed Sigmund
  6249 | D:7      | Found a staircase to the Ecumenical Temple.
  6263 | D:7      | Received a gift from Nemelex Xobeh
  6271 | D:7      | Noticed a hornet
  6300 | D:7      | HP: 3/67 [wight (3)]
  6304 | D:7      | Mangled by a wight

Illustrated notes

Levels and vault maps discovered:
D:1:      giann_bridges, layout_loops_ring
D:2:      layout_rooms, chequers_ecumenical_altar_simple
D:3:      layout_rooms
D:4:      layout_basic, uniq_ijyb, uniq_grinder
D:5:      layout_cave_pools
D:6:      layout_basic, chequers_temple_overflow_minitemple, uniq_duvessa,
          uniq_sigmund
D:7:      layout_loops_ring, mainiacjoe_overflow_small_starburst,
          minmay_temple_entry_large_hall, nicolae_underground_beach

Skill      XL: |  1  2  3  4  5  6  7  8  9 |
---------------+----------------------------+-----
Invocations    | 1 2 3 4 |  4.5
Long Blades    | 1 2 3 4 |  4.1
Axes           | 1 2 3 4 |  4.1
Maces & Flails | 1 2 3 4 |  4.1
Polearms       | 1 2 3 4 |  4.1
Staves         | 1 2 3 4 |  4.1
Slings         | 1 2 3 4 |  4.1
Bows           | 1 2 3 4 |  4.1
Crossbows      | 1 2 3 4 |  4.1
Throwing       | 1 2 3 4 |  4.1
Dodging        | 1 2 3 4 |  4.1
Stealth        | 1 2 3 4 |  4.1
Unarmed Combat | 1 2 3 4 |  4.1
Spellcasting   | 1 2 3 4 |  4.1
Evocations     | 1 2 3 4 |  4.1
Conjurations   | 1 2 3 |  3.4
Hexes          | 1 2 3 |  3.4
Summonings     | 1 2 3 |  3.4
Necromancy     | 1 2 3 |  3.4
Translocations | 1 2 3 |  3.4
Transmutations | 1 2 3 |  3.4
Fire Magic     | 1 2 3 |  3.4
Ice Magic      | 1 2 3 |  3.4
Air Magic      | 1 2 3 |  3.4
Earth Magic    | 1 2 3 |  3.4
Poison Magic   | 1 2 3 |  3.4
Short Blades   | 5 6 |  6.2
Fighting       | 7 |  7.8
Armour         | 7 |  7.8
Shields        | 7 |  7.8

Action                   |  1- 3 |  4- 6 |  7- 9 || total
-------------------------+-------+-------+-------++-------
Melee: Rapier            |    14 |       |       ||    14
       Dagger            |   104 |    88 |   349 ||   541
       Bite              |     6 |    13 |    47 ||    66
Throw: Dart              |       |       |     2 ||     2
Invok: Draw Destruction  |       |       |     2 ||     2
       Draw Escape       |       |       |     8 ||     8
Evoke: Wand              |       |     5 |       ||     5
 Stab: Paralysed         |       |     2 |       ||     2
       Invisible         |       |       |     1 ||     1
Armor: Scale mail        |    24 |    18 |    56 ||    98
Dodge: Dodged            |    22 |    15 |    84 ||   121
Block: Kite shield       |    48 |    51 |   255 ||   354
       Reflection        |       |       |     4 ||     4
